 Dungeon Crawl Stone Soup version 0.28-a0-661-g144af121cd (webtiles) character file.

Game seed: 7230219673494863037

933 BlueGoblin the Nimble (level 7, -3/36 HPs)
             Began as a Spriggan Brigand on Oct 14, 2021.
             Engulfed by a steam dragon's steam (5 damage)
             ... on level 5 of the Dungeon.
             The game lasted 00:12:30 (6279 turns).

BlueGoblin the Nimble (Spriggan Brigand)            Turns: 6279, Time: 00:12:31

Health: -3/36      AC:  3    Str:  7    XL:     7   Next: 86%
Magic:  8/8        EV: 23    Int: 13    God:
Gold:   202        SH:  0    Dex: 18    Spells: 6/6 levels left

rFire   . . .      SeeInvis +   b - +1 dagger (speed)
rCold   . . .      Faith    .   (shield restricted)
rNeg    . . .      Spirit   .   i - +0 robe
rPois   .          Reflect  .   (helmet restricted)
rElec   .          Harm     .   c - +0 cloak
rCorr   .          Rampage  .   (gloves unavailable)
Will    +....                   (boots unavailable)
Stlth   +++.......              q - amulet of regeneration
HPRegen 1.12/turn               (no ring)
MPRegen 0.11/turn               (no ring)

@: very quick
A: very small, no large weapons, unfitting armour, see invisible, speed 3
a: no special abilities


You were on level 5 of the Dungeon.
You visited 1 branch of the dungeon, and saw 5 of its levels.

You collected 202 gold pieces.

Inventory:

Hand Weapons
 a - a +2 dagger
 b - a +1 dagger of speed (weapon)
 h - a +0 hunting sling
Missiles
 d - 26 poisoned darts (quivered)
 e - 8 curare-tipped darts
 k - 65 sling bullets
 r - 11 bolts
Armour
 c - a +0 cloak (worn)
 i - a +0 robe (worn)
Jewellery
 o - a +6 ring of intelligence
 q - an amulet of regeneration (around neck)
Scrolls
 g - a scroll of blinking
 m - a scroll of enchant weapon {unknown}
 n - 2 scrolls of teleportation
 p - a scroll of identify
 t - a scroll of amnesia
Potions
 f - a potion of might
 j - a potion of curing
 l - a potion of brilliance {unknown}
 s - a potion of cancellation {unknown}


   Skills:
 + Level 3.1 Fighting
 + Level 5.9 Short Blades
 - Level 2.0 Throwing
 * Level 8.7 Dodging
 - Level 5.8 Stealth


You had 6 spell levels left.
You didn't know any spells.
Your spell library contained the following spells:

 Spells                   Type           Power      Damage    Failure   Level
 Tukima's Dance           Hex            0%         N/A       67%         3
 Passage of Golubria      Tloc           N/A        N/A       97%         4
 Alistair's Intoxication  Tmut/Pois      0%         N/A       100%        5
 Borgnjor's Vile Clutch   Necr/Erth      0%         N/A       100%        5
 Yara's Violent Unravell  Hex/Tmut       0%         3d3       100%        5
 Eringya's Noxious Bog    Tmut/Pois      0%         N/A       100%        6


Dungeon Overview and Level Annotations

Branches:
Dungeon (5/15)
 Temple: D:4-7

Altars:
Elyvilon

Shops:
D:1 (


Innate Abilities, Weirdness & Mutations

You are very small and have problems with some larger weapons.
You are too small for most types of armour.
You have supernaturally acute eyesight. (SInv)
You cover ground extremely quickly. (Speed+++)


Message History

You hit the steam dragon but do no damage.
You are engulfed in a cloud of scalding steam.
You hit the steam dragon but do no damage.
You are engulfed in a cloud of scalding steam.
The steam dragon completely misses you. x2
You hit the steam dragon.
The steam dragon is lightly wounded.
You are engulfed in a cloud of scalding steam.
You hit the steam dragon but do no damage.
The steam dragon is lightly wounded.
You are engulfed in a cloud of scalding steam.
The steam dragon breathes steam at you. The ball of steam misses you.
You hit the steam dragon.
The steam dragon is lightly wounded.
You are engulfed in a cloud of scalding steam.
You hit the steam dragon.
The steam dragon is moderately wounded.
You are engulfed in a cloud of scalding steam.
The steam dragon closely misses you.
The steam dragon claws you but does no damage.
You hit the steam dragon but do no damage.
The steam dragon is moderately wounded.
You closely miss the steam dragon.
The steam dragon is moderately wounded.
The steam dragon bites you! The steam dragon claws you.
You are too injured to fight recklessly!
You are too injured to fight recklessly!
You are too injured to fight recklessly!
The steam dragon breathes steam at you. The ball of steam misses you.
Really walk into that cloud of steam? [Y]es or [N]o only, please.
Really walk into that cloud of steam?
You are engulfed in a cloud of scalding steam.
The steam dragon breathes steam at you. The ball of steam hits you!
* * * LOW HITPOINT WARNING * * *
You are engulfed in a cloud of scalding steam.
You die...

...##### #...............##.....
.......####......######..........
.........##...#### ##.........
..........#..## ###.....##
.............## ###...##
.....†........## #####.....##
...............######..........##
...............§§§..............#
...............§@§...............
..............§§#########........
.............§§§# #........
...........§§§..# #.....#...
........§.....# #....###..
........D.....# #..........
..............# .....≈.....
..............# ._.≈..##.
...............# .≈.. #.


There were no monsters in sight!

Vanquished Creatures
  A black bear (D:5)
  2 necrophages (D:5)
  2 phantoms
  A scorpion (D:4)
  A wyvern zombie (D:5)
  A howler monkey (D:4)
  2 hounds
  A bullfrog zombie (D:3)
  An iguana (D:4)
  2 orc wizards (D:3)
  A scorpion zombie (D:5)
  A hound zombie (D:5)
  A hound skeleton (D:4)
  6 adders
  A shadow imp (D:5)
  3 worms
  A dart slug (D:1)
  2 orcs
  6 endoplasms
  3 giant cockroaches
  4 goblins
  8 hobgoblins
  6 kobolds
  A quokka (D:2)
  11 ball pythons
  5 bats
  6 frilled lizards
  3 rats
83 creatures vanquished.

Vanquished Creatures (others)
  3 plants (D:4)
3 creatures vanquished.

Grand Total: 86 creatures vanquished

Notes
Turn   | Place    | Note
-------+----------+-------------------------------------------
     0 | D:1      | BlueGoblin the Spriggan Brigand began the quest for the
                  | Orb.
     0 | D:1      | Reached XP level 1. HP: 10/10 MP: 2/2
   100 | D:1      | Reached skill level 2 in Dodging
   179 | D:1      | Reached XP level 2. HP: 15/15 MP: 3/3
   296 | D:1      | Found a faded altar of an unknown god.
   404 | D:1      | Found Qoogawni's Weapon Shop.
  1273 | D:2      | Reached skill level 3 in Dodging
  1752 | D:2      | Reached XP level 3. HP: 12/18 MP: 4/4
  2609 | D:3      | Reached XP level 4. HP: 23/23 MP: 5/5
  2836 | D:3      | Reached skill level 4 in Dodging
  3035 | D:3      | Reached XP level 5. HP: 14/27 MP: 6/6
  3776 | D:4      | Reached skill level 5 in Dodging
  4478 | D:4      | Reached XP level 6. HP: 20/32 MP: 7/7
  4678 | D:4      | Reached skill level 6 in Dodging
  4705 | D:4      | Reached skill level 5 in Short Blades
  5325 | D:5      | Entered Level 5 of the Dungeon
  5643 | D:5      | Reached XP level 7. HP: 26/35 MP: 8/8
  5717 | D:5      | Reached skill level 7 in Dodging
  5999 | D:5      | Reached skill level 8 in Dodging
  6100 | D:5      | Found a white marble altar of Elyvilon.
  6255 | D:5      | Noticed a steam dragon
  6279 | D:5      | Engulfed by a steam dragon's steam

Illustrated notes

Levels and vault maps discovered:
D:1:      sevenhm_arrival_forest_fort_small_6, layout_basic, serial_shops,
          nicolae_diamond_shop, shapermc_ecumenical_altar_totnotflames,
          solitary_fountain, minmay_misc_feat_columns
D:2:      layout_basic
D:3:      layout_basic, roderic_serpentine_path
D:4:      layout_gridville, serial_forest, infiniplex_forest_straight_2,
          infiniplex_forest_zigzag_2, infiniplex_forest_straight_5,
          infiniplex_forest_lined_2, infiniplex_forest_clump_large,
          infiniplex_forest_clump_cross, dk_noncrumbling_3, grunt_ministairs_15,
          minmay_fractal_squares_5
D:5:      layout_layer_cave, mainiacjoe_overflow_chevrons, uniq_prince_ribbit1

Skill      XL: |  1  2  3  4  5  6  7 |
---------------+----------------------+-----
Dodging        | 2 3 4 5 6 8 |  8.7
Fighting       | 2 3 |  3.1
Short Blades   | 3 4 5 |  5.9
Throwing       | |  2.0
Stealth        | |  5.8

Action                   |  1- 3 |  4- 6 |  7- 9 || total
-------------------------+-------+-------+-------++-------
Melee: Dagger            |   108 |   483 |   260 ||   851
  Use: Scroll            |     5 |     5 |       ||    10
 Stab: Sleeping          |    14 |     8 |       ||    22
Armor: Robe              |    11 |    39 |    14 ||    64
Dodge: Dodged            |    71 |   342 |   141 ||   554

Table legend: (Time is in decaauts)
 A = Elapsed time spent in this place.
 B = Non-inter-level travel time spent in this place.
 C = Inter-level travel time spent in this place.
 D = Time resting spent in this place.
 E = Time spent auto-exploring this place.
 F = Levels seen in this place.
 G = Mean time per level.
                   A        B        C        D        E       F      G
               +--------+--------+--------+--------+--------+-----+--------+
         Total |   4592 |   4517 |     75 |   1116 |   2247 |   5 |  918.4 |
       Dungeon |   4592 |   4517 |     75 |   1116 |   2247 |   5 |  918.4 |
               +--------+--------+--------+--------+--------+-----+--------+

Top non-repeatable levels by time:
     D:2: 1389 daAuts
     D:3: 969 daAuts
     D:4: 886 daAuts
     D:1: 825 daAuts
     D:5: 522 daAuts
